 Dungeon Crawl Stone Soup version 0.28-a0-503-g83f2989fac (webtiles) character file.

Game seed: 8446286649875282786

580 siradein the Shield-Bearer (level 7, -4/44 HPs)
             Began as a Gargoyle Fighter on Sept 20, 2021.
             Was an Initiate of Gozag.
             Slain by an ogre (12 damage)
             ... on level 5 of the Dungeon.
             The game lasted 00:12:14 (6083 turns).

siradein the Shield-Bearer (Gargoyle Fighter)       Turns: 6083, Time: 00:12:15

Health: -4/44      AC: 15    Str: 21    XL:     7   Next: 36%
Magic:  7/7        EV:  6    Int:  8    God:    Gozag
Gold:   228        SH:  8    Dex: 10    Spells: 6/6 levels left

rFire   + . .      SeeInvis .   l - +1 mace (vorpal)
rCold   + . .      Faith    .   r - +0 kite shield
rNeg    + . .      Spirit   .   v - +0 chain mail
rPois   ∞          Reflect  .   s - +0 helmet
rElec   +          Harm     .   j - scarf {rC+ rF+}
rCorr   .          Rampage  .   (no gloves)
Will    .....                   (no boots)
Stlth   ..........              (no amulet)
HPRegen 0.14/turn               (no ring)
MPRegen 0.10/turn               (no ring)

@: no status effects
A: sickness immunity, AC +4, negative energy resistance 1, electricity
resistance, torment resistance 1, petrification resistance
a: Renounce Religion, Potion Petition, Call Merchant, Bribe Branch


You were on level 5 of the Dungeon.
You worshipped Gozag.
Gozag was aware of your devotion.
You visited 2 branches of the dungeon, and saw 6 of its levels.

You collected 277 gold pieces.
You paid 49 gold pieces to Gozag.

Inventory:

Hand Weapons
 l - a +1 vorpal mace (weapon)
Missiles
 b - 11 poisoned darts (quivered)
Armour
 j - a scarf of resistance (worn)
 r - a +0 kite shield (worn)
 s - a +0 helmet (worn)
 v - a +0 chain mail (worn)
Wands
 o - a wand of polymorph (10)
Scrolls
 h - 3 scrolls of identify {unknown}
 i - 5 scrolls of noise {unknown}
 m - a scroll of silence {unknown}
 n - 2 scrolls of acquirement {unknown}
 p - 2 scrolls of teleportation {unknown}
 q - a scroll of enchant armour {unknown}
 u - a scroll of fear {unknown}
Potions
 a - a potion of lignification {unknown}
 c - 2 potions of attraction {unknown}
 d - 2 potions of might
 e - a potion of curing {unknown}
 f - a potion of brilliance {unknown}
 g - a potion of degeneration {unknown}
 k - 2 potions of heal wounds {unknown}


   Skills:
 + Level 5.2 Fighting
 + Level 4.2 Maces & Flails
 + Level 5.3 Armour
 + Level 5.3 Shields


You had 6 spell levels left.
You didn't know any spells.
Your spell library contained the following spells:

 Spells                   Type           Power      Damage    Failure   Level
 Beastly Appendage        Tmut           0%         N/A       100%        1
 Wereblood                Tmut           0%         N/A       100%        2
 Spider Form              Tmut/Pois      0%         N/A       100%        3


Dungeon Overview and Level Annotations

Branches:
Dungeon (5/15)             Temple (1/1) D:4

Altars:
Cheibriados
Dithmenos
Elyvilon
Fedhas
Gozag
Hepliaklqana
Kikubaaqudgha
Makhleb
Nemelex Xobeh
Okawaru
Qazlal
Ru
Sif Muna
Trog
Uskayaw
Xom
Yredelemnul
Zin
The Shining One

Shops:
D:4 [


Innate Abilities, Weirdness & Mutations

You are immune to sickness and miasma.
Your stone body is resilient. (AC +4)
You are immune to poison.
You resist negative energy. (rN+)
You are resistant to electric shocks. (rElec)
You are resistant to unholy torment.
You are immune to petrification.


Message History

The ogre hits you with a +0 giant club.
You sock the ogre!
The ogre is heavily wounded.
The ogre hits you with a +0 giant club!!
* * * LOW HITPOINT WARNING * * *
There is a stone staircase leading up here.
You block the ogre's attack.
You hit the ogre.
The ogre is severely wounded.
The ogre barely misses you.
There is a stone staircase leading up here.
You block the ogre's attack.
Throw: 13 darts (poison)
Press: ? - help, Q - select action, (/) - cycle Shift-Dir - straight line, f/p - ogre
Aim: an ogre, wielding a +0 giant club (heavily wounded, 73% to hit)
You throw a poisoned dart. The poisoned dart hits the ogre.
The ogre is heavily wounded.
The ogre hits you with a +0 giant club!
* * * LOW HITPOINT WARNING * * *
Throw: 12 darts (poison)
Press: ? - help, Q - select action, (/) - cycle Shift-Dir - straight line, f/p - ogre
Aim: an ogre, wielding a +0 giant club (heavily wounded, 72% to hit)
You throw a poisoned dart.
The poisoned dart barely misses the ogre.
You block the ogre's attack.
You hit the ogre but do no damage.
The ogre is heavily wounded.
You block the ogre's attack.
You hit the ogre.
The ogre is severely wounded.
The ogre hits you with a +0 giant club.
* * * LOW HITPOINT WARNING * * *
You hit the ogre.
The ogre is almost dead.
You block the ogre's attack.
You closely miss the ogre.
The ogre is almost dead.
The ogre hits you with a +0 giant club!
You die...
Your body crumbles into a pile of gold.

.#...#(#.# ##...#.#.#
.....#.#.#
##...#.#.#####################
#.....(.....................#
#.#.#.#.###################.#
#..>#.#.#..........# #.#
###.#.#.#.########.########.#
....#.#.....(@O.....(...#.#
#.###.########...######.#.#
#.. ..# #...#........#.#.# ##
### #.#.#.......<..#.#
#.#.#...########.#
#.#.#............#
#.#.#..########### #(#....#
#.###.##


You could see an ogre.

Vanquished Creatures
  5 wights
  A howler monkey (D:5)
  2 hounds
  A centaur skeleton (D:5)
  2 iguanas (D:3)
  An orc wizard (D:4)
  Robin (D:2)
  3 adders
  An adder skeleton (D:4)
  4 worms
  2 dart slugs
  9 orcs (D:4)
  10 ball pythons
  2 bats
  9 endoplasms
  A giant cockroach (D:4)
  11 hobgoblins
  4 jackals
  3 quokkas
  4 frilled lizards
  20 goblins
  9 kobolds
  7 rats
112 creatures vanquished.

Notes
Turn   | Place    | Note
-------+----------+-------------------------------------------
     0 | D:1      | siradein the Gargoyle Fighter began the quest for the Orb.
     0 | D:1      | Reached XP level 1. HP: 14/14 MP: 1/1
    68 | D:1      | Reached XP level 2. HP: 12/19 MP: 2/2
   793 | D:1      | Reached XP level 3. HP: 20/23 MP: 3/3
  1384 | D:2      | Reached XP level 4. HP: 29/29 MP: 4/4
  1392 | D:2      | Noticed Sigmund
  1551 | D:3      | Found a hide-covered altar of Uskayaw.
  1606 | D:3      | Noticed a +0 hand axe
  1656 | D:3      | Noticed a +0 dagger
  2332 | D:4      | Found Febuabi's Armour Boutique.
  2420 | D:3      | Reached XP level 5. HP: 11/33 MP: 5/5
  2638 | D:4      | Found a white marble altar of Elyvilon.
  3588 | D:2      | Found a faded altar of an unknown god.
  3643 | D:2      | Found an iron altar of Okawaru.
  3647 | D:2      | Noticed Robin
  3967 | D:2      | Killed Robin
  3968 | D:2      | Reached XP level 6. HP: 38/39 MP: 6/6
  4016 | D:2      | Noticed Sigmund
  4016 | D:2      | Sigmund changed into Sigmund the hound
  4024 | D:2      | Killed Sigmund the hound
  4085 | D:2      | You fall into a shaft and drop 1 floor!
  4530 | D:4      | Found a staircase to the Ecumenical Temple.
  4649 | Temple   | Entered the Ecumenical Temple
  4674 | Temple   | Became a worshipper of Gozag Ym Sagoz the Greedy
  5263 | D:4      | Reached skill level 5 in Fighting
  5263 | D:4      | Reached skill level 5 in Armour
  5263 | D:4      | Reached skill level 5 in Shields
  5518 | D:3      | Reached XP level 7. HP: 43/44 MP: 7/7
  5745 | D:4      | Found a burning altar of Makhleb.
  5783 | D:5      | Entered Level 5 of the Dungeon
  6083 | D:5      | Slain by an ogre

Illustrated notes

Levels and vault maps discovered:
D:1:      heliophobic_arrival_battle_scene, layout_basic
D:2:      layout_rooms, shapermc_ecumenical_altar_mp_highgroup, basic_altar,
          minmay_pentomino_x4, uniq_sigmund, uniq_robin
D:3:      layout_basic, dancing_weapons_uskayaw
D:4:      layout_loops_ring, mainiacjoe_overflow_paths, marbit_many_paths,
          minmay_temple_entry_fiery, serial_shops, nicolae_shop_statue_plus,
          hangedman_abyss_or_decor_jellyfish_corner
D:5:      layout_basic, gammafunk_temple_overflow_elements, uniq_blork_the_orc
Temple:   nicolae_temple_elliptical

Skill      XL: |  1  2  3  4  5  6 |
---------------+-------------------+-----
Shields        | 4 5 |  5.3
Fighting       | 4 5 |  5.2
Armour         | 4 5 |  5.3
Maces & Flails | 3 4 |  4.2

Action                   |  1- 3 |  4- 6 |  7- 9 || total
-------------------------+-------+-------+-------++-------
Melee: Flail             |   133 |    27 |       ||   160
       Mace              |       |   195 |    36 ||   231
Throw: Dart              |       |       |     5 ||     5
Evoke: Wand              |       |     1 |       ||     1
Armor: Scale mail        |    86 |    98 |       ||   184
       Chain mail        |       |    16 |    24 ||    40
Dodge: Dodged            |    62 |    80 |    15 ||   157
Block: Buckler           |    36 |    19 |       ||    55
       Kite shield       |       |    64 |    17 ||    81

Table legend: (Time is in decaauts)
 A = Elapsed time spent in this place.
 B = Non-inter-level travel time spent in this place.
 C = Inter-level travel time spent in this place.
 D = Time resting spent in this place.
 E = Time spent auto-exploring this place.
 F = Levels seen in this place.
 G = Mean time per level.
                   A        B        C        D        E       F      G
               +--------+--------+--------+--------+--------+-----+--------+
         Total |   6222 |   6116 |    106 |   1015 |   3430 |   6 | 1037.0 |
       Dungeon |   6063 |   5957 |    106 |   1015 |   3312 |   5 | 1212.6 |
        Temple |    158 |    158 |      0 |      0 |    118 |   1 |  158.0 |
               +--------+--------+--------+--------+--------+-----+--------+

Top non-repeatable levels by time:
     D:4: 1788 daAuts
     D:1: 1539 daAuts
     D:3: 1468 daAuts
     D:2: 955 daAuts
     D:5: 311 daAuts
  Temple: 158 daAuts
